 Dungeon Sprint DCSS version 0.28.0-49-g6dfe1f597d (webtiles) character file.

Game seed: 14014410566283782411

38623 Revguard the Bringer of Light (level 14, -12/121 HPs)
             Began as a Human Fighter on May 18, 2022.
             Was the Champion of the Shining One.
             Killed from afar by a crystal guardian (13 damage)
             ... with a crystal bolt
             ... in the Dungeon (Sprint V: "Ziggurat Sprint").
             The game lasted 00:24:48 (2310 turns).

Revguard the Bringer of Light (Human Fighter)       Turns: 2310, Time: 00:24:48

Health: -12/121    AC: 38    Str: 24    XL:     14   Next: 35%
Magic:  10/44      EV:  8    Int: 22    God:    the Shining One [******]
Gold:   0          SH: 44    Dex: 16    Spells: 13/13 levels left

rFire   + + .      SeeInvis .   D - +10 lance "Wyrmbane" {slay drac, rPois rF+ rC+ AC+3}
rCold   + + .      Faith    .   F - +18 shield of the Gong {rElec rN+ Will+ EV-5}
rNeg    + + +      Spirit   .   E - +15 Maxwell's patent armour {-Cast -Tele rElec Will+ rCorr}
rPois   +          Reflect  .   (no helmet)
rElec   +          Harm     .   (no cloak)
rCorr   +          Rampage  .   K - +2 pair of gloves {Stlth+}
Will    +++..      NoTele   +   (no boots)
Stlth   .......... NoCast   +   u - amulet "Tueh" {Acrobat MP+9 Int+8 Stlth-}
HPRegen 0.30/turn               T - ring of Fatigue {rF+ Str+6 Int+5}
MPRegen 0.29/turn               N - ring of Pyromania {rC+ MP+9 Slay+3}

@: divinely shielded, glowing, studying Transmutations
A: no striking features
a: Renounce Religion, Divine Shield, Cleansing Flame, Summon Divine Warrior,
Brand Weapon With Holy Wrath


You were in the Dungeon.
You worshipped the Shining One.
The Shining One was exalted by your worship.
You visited 1 branch

Inventory:

Hand Weapons
 D - the +10 lance "Wyrmbane" (weapon) {slay drac, rPois rF+ rC+ AC+3}
   (You found it in the Dungeon)

   It inflicts extra damage against dragons and draconians.
   AC:        It affects your AC (+3).
   rF:        It protects you from fire.
   rC:        It protects you from cold.
   rPois:     It protects you from poison.
Missiles
 x - 2 throwing nets (quivered)
Armour
 n - +5 gold dragon scales
 E - the +15 Maxwell's patent armour (worn) {-Cast -Tele rElec Will+ rCorr}
   (You found it in the Dungeon)

   rElec:     It insulates you from electricity.
   -Cast:     It prevents spellcasting.
   -Tele:     It prevents most forms of teleportation.
   rCorr:     It protects you from acid and corrosion.
   Will:      It increases your willpower.
 F - the +18 shield of the Gong (worn) {rElec rN+ Will+ EV-5}
   (You found it in the Dungeon)

   It is deafeningly noisy when blocking attacks.
   EV:        It affects your evasion (-5).
   rElec:     It insulates you from electricity.
   rN:        It protects you from negative energy.
   Will:      It increases your willpower.
 K - a +2 pair of gloves of stealth (worn)
Jewellery
 a - a ring of protection from fire
 b - the ring of Hury {Drain Fly rF+ rC++ Int-4 Dex+3}
   (You found it in the Dungeon)

   [ring of flight]

   Int:       It affects your intelligence (-4).
   Dex:       It affects your dexterity (+3).
   rF:        It protects you from fire.
   rC:        It greatly protects you from cold.
   Fly:       It grants you flight.
   Drain:     It drains your maximum health when unequipped.
 c - the ring "Jext" {Fire *Slow rCorr Int+2 Stlth+}
   (You found it in the Dungeon)

   [ring of fire]

   It enhances your fire magic.
   Int:       It affects your intelligence (+2).
   rF:        It protects you from fire.
   rC:        It makes you vulnerable to cold.
   rCorr:     It protects you from acid and corrosion.
   *Slow:     It may slow you when you take damage.
   Stlth:     It makes you more stealthy.
 t - a ring of flight
 u - the amulet "Tueh" (around neck) {Acrobat MP+9 Int+8 Stlth-}
   (You found it in the Dungeon)

   [amulet of the acrobat]

   It increases your evasion while moving and waiting.
   Int:       It affects your intelligence (+8).
   MP:        It affects your magic capacity (+9).
   Stlth:     It makes you less stealthy.
 v - the amulet of Suspicion {Regen+ Dex+3 Slay+2}
   (You found it in the Dungeon)

   [amulet of regeneration]

   Dex:       It affects your dexterity (+3).
   Slay:      It affects your accuracy & damage with ranged weapons and melee
   (+2).
   Regen:     It increases your rate of health regeneration.
 w - a ring of resist corrosion
 y - the ring "Jayfoah" {Ice rN+ Str+2}
   (You took it off a merfolk in the Dungeon)

   [ring of ice]

   It enhances your ice magic.
   Str:       It affects your strength (+2).
   rF:        It makes you vulnerable to fire.
   rC:        It protects you from cold.
   rN:        It protects you from negative energy.
 H - a ring of poison resistance
 N - the ring of Pyromania (right hand) {rC+ MP+9 Slay+3}
   (You found it in the Dungeon)

   [ring of magical power]

   Slay:      It affects your accuracy & damage with ranged weapons and melee
   (+3).
   rC:        It protects you from cold.
   MP:        It affects your magic capacity (+9).
 P - a ring of protection from cold
 T - the ring of Fatigue (left hand) {rF+ Str+6 Int+5}
   (You found it in the Dungeon)

   [ring of strength]

   Str:       It affects your strength (+6).
   Int:       It affects your intelligence (+5).
   rF:        It protects you from fire.
Wands
 A - a wand of mindburst (7)
 B - a wand of iceblast (7)
 C - a wand of acid (3)
Scrolls
 j - 4 scrolls of blinking
 o - 4 scrolls of amnesia
 p - 8 scrolls of fog
 q - a scroll of holy word
 r - 5 scrolls of identify
 s - 2 scrolls of fear
 S - a scroll of brand weapon
Potions
 d - 6 potions of might
 e - 10 potions of curing
 f - 3 potions of heal wounds
 g - 10 potions of haste
 h - 7 potions of magic
 i - 2 potions of berserk rage
 k - 2 potions of brilliance
 l - 2 potions of invisibility
 m - 4 potions of resistance
Miscellaneous
 G - a tin of tremorstones (2/2)
 L - a phial of floods
 R - a box of beasts


   Skills:
 + Level 14.9 Fighting
 + Level 14.8 Polearms
 + Level 14.8 Armour
 + Level 14.6 Dodging
 + Level 15.0 Shields
 + Level 16.0 Invocations
 + Level 14.6 Evocations


You had 13 spell levels left.
You didn't know any spells.
Your spell library contained the following spells:

 Spells                   Type           Power      Damage    Failure   Level
 Animate Skeleton         Necr           0%         N/A       93%         1
 Freeze                   Ice            0%         1d3       93%         1
 Pain                     Necr           0%         1d4       93%         1
 Sandblast                Erth           0%         2d4       93%         1
 Shock                    Conj/Air       0%         1d3       93%         1
 Slow                     Hex            0%         N/A       93%         1
 Corpse Rot               Necr/Air       0%         N/A       98%         2
 Confusing Touch          Hex            0%         N/A       100%        3
 Frozen Ramparts          Ice            0%         1d2       100%        3
 Ignite Poison            Fire/Tmut/Pois 0%         N/A       100%        3
 Mephitic Cloud           Conj/Pois/Air  0%         N/A       100%        3
 Ozocubu's Armour         Ice            0%         N/A       100%        3
 Spider Form              Tmut/Pois      0%         N/A       100%        3
 Stone Arrow              Conj/Erth      0%         3d7       100%        3
 Vampiric Draining        Necr           0%         2d6       100%        3
 Cause Fear               Hex            0%         N/A       100%        4
 Fulminant Prism          Conj/Hex       0%         3d6       100%        4
 Hailstorm                Conj/Ice       0%         3d3       100%        4
 Iskenderun's Mystic Bla  Conj/Tloc      0%         2d3       100%        4
 Leda's Liquefaction      Hex/Erth       0%         N/A       100%        4
 Summon Ice Beast         Ice/Summ       0%         N/A       100%        4
 Summon Lightning Spire   Summ/Air       0%         N/A       100%        4
 Metabolic Englaciation   Hex/Ice        0%         N/A       100%        5
 Summon Forest            Summ/Tloc      0%         N/A       100%        5
 Summon Mana Viper        Hex/Summ       0%         N/A       100%        5
 Conjure Ball Lightning   Conj/Air       0%         3x3d6     100%        6
 Iron Shot                Conj/Erth      0%         9d1       100%        6
 Simulacrum               Ice/Necr       0%         N/A       100%        6
 Summon Cactus Giant      Summ           0%         N/A       100%        6
 Dragon Form              Tmut           0%         N/A       100%        7
 Haunt                    Necr/Summ      0%         N/A       100%        7
 Monstrous Menagerie      Summ           0%         N/A       100%        7
 Storm Form               Tmut/Air       0%         N/A       100%        7
 Discord                  Hex            0%         N/A       100%        8
 Disjunction              Tloc           0%         N/A       100%        8
 Maxwell's Capacitive Co  Air            0%         ∞         100%        8
 Dragon's Call            Summ           0%         N/A       100%        9
 Shatter                  Erth           0%         3d5*      100%        9


Dungeon Overview and Level Annotations

Branches:
Dungeon (1/1)

Altars:
Ashenzari
Cheibriados
Dithmenos
Elyvilon
Fedhas
Gozag
Hepliaklqana
Kikubaaqudgha
Makhleb
Nemelex Xobeh
Okawaru
Qazlal
Ru
Sif Muna
Trog
Uskayaw
Vehumet
Wu Jian
Xom
Yredelemnul
Zin
The Shining One
Beogh
Jiyva
Lugonu


Message History

Your angel gestures.
Your angel is healed somewhat.
You block the quicksilver dragon's attack.
GONNNNG!
You block the quicksilver dragon's attack.
PTOANNNG!
The earth elemental hits your angel!
The crystal guardian fires a crystalline bolt at you.
The crystal bolt burns you! You resist.
* * * LOW HITPOINT WARNING * * *
The crystal bolt burns the iron golem.
The iron golem completely resists.
The gargoyle misses your angel.
You hit the quicksilver dragon.
The quicksilver dragon convulses.
You kill the quicksilver dragon!
The lance glows as it skewers the quicksilver dragon.
The gargoyle barely misses your angel.
Your angel gestures.
Your angel is healed somewhat.
The quicksilver dragon bites you.
* * * LOW HITPOINT WARNING * * *
You block the quicksilver dragon's attack.
PANG!
You block the iron dragon's attack.
GONNNNG!
You block the iron dragon's attack.
PANG!
You block the iron dragon's attack.
GONNNNG!
Your Shields skill increases to level 15!
Your Invocations skill increases to level 16!
You feel much better.
Your angel closely misses the gargoyle.
Your angel hits the gargoyle but does no damage.
The quicksilver dragon breathes dispelling energy at you.
The bolt of dispelling energy hits you.
The quicksilver dragon breathes dispelling energy at you.
The bolt of dispelling energy hits you!!!
* * * LOW HITPOINT WARNING * * *
The crystal guardian fires a crystalline bolt at you.
The crystal bolt freezes you! You resist.
You die...

▓..:}:?[|||[..▓...)...)
▓..|[[||}:}:..▓....))..
▓.............▓..†..)..
▓.............▓.....†††
▓.............▓..▓.....
▓....E99E9....▓.▓▓▓...▓
▓....99EA.....▓..▓.....


▓EDDDE..▓ ▓.....©.. ▓ ▓▓9@9..▓▓ ▓▓▓▓▓▓▓▓▓ ▓..▓.......▓..▓....8©8.
▓.............▓..).)|). ▓......©......▓....)))[ ▓▓▓▓▓▓▓▓▓▓▓▓▓▓▓........
▓........ ▓........ ▓........ ▓.÷▓..... You could see 2 iron golems, an iron
dragon, 2 quicksilver dragons, 2 crystal guardians, 5 earth elementals, 3
gargoyles and a friendly angel (summoned).

Vanquished Creatures
  A pearl dragon (D)
  2 quicksilver dragons (D)
  2 nagarajas (D)
  2 stone giants (D)
  An ophan (D)
  An apis (D)
  A merfolk impaler (D)
  3 merfolk javelineers (D)
  A naga warrior (D)
  A boulder beetle (D)
  A hydra (D)
  A spriggan air mage (D)
  A rakshasa (D)
  An anaconda (D)
  2 dancing weapons (D)
  A two-headed ogre (D)
  A spriggan berserker (D)
  3 deep elf knights (D)
  A deep elf archer (D)
  A sea snake (D)
  A deep elf pyromancer (D)
  2 deep elf zephyrmancers (D)
  An orc sorcerer (D)
  2 cyclopes (D)
  2 manticores (D)
  4 draconians (D)
  4 naga magi (D)
  3 guardian serpents (D)
  2 merfolk sirens (D)
  3 black mambas (D)
  A cane toad (D)
  2 komodo dragons (D)
  4 trolls (D)
  A blink frog (D)
  5 merfolk (D)
  A snapping turtle (D)
  A jumping spider (D)
  4 spriggans (D)
  A water elemental (D)
  An air elemental (D)
  2 nagas (D)
  7 water moccasins (D)
  A small abomination (D)
  2 hell hounds (D)
  An ogre (D)
  3 earth elementals (D)
  4 scorpions (D)
  2 crimson imps (D)
  3 quasits (D)
  An orc priest (D)
  An iron imp (D)
  An orc wizard (D)
  3 adders (D)
  3 shadow imps (D)
  2 adder skeletons (D)
  4 orcs (D)
  2 bat zombies (D)
  3 ball pythons (D)
  2 ball python zombies (D)
  A jackal skeleton (D)
121 creatures vanquished.

Vanquished Creatures (collateral kills)
  A pearl dragon (D)
  An angel (D)
  An apis (D)
  A cherub (D)
  A gargoyle (D)
5 creatures vanquished.

Vanquished Creatures (others)
  A black mamba (D)
1 creature vanquished.

Grand Total: 127 creatures vanquished

Notes
Turn   | Place    | Note
-------+----------+-------------------------------------------
     0 | D        | Revguard the Human Fighter began the quest for the Orb.
     0 | D        | Reached XP level 1. HP: 18/18 MP: 1/1
     0 | D        | Found a shimmering blue altar of Sif Muna.
     0 | D        | Found a bloodstained altar of Trog.
     0 | D        | Found a sacrificial altar of Ru.
     0 | D        | Found a stormy altar of Qazlal.
     0 | D        | Found an iron altar of Okawaru.
     1 | D        | Found a sparkling altar of Nemelex Xobeh.
     1 | D        | Found a blossoming altar of Fedhas.
     1 | D        | Found the +6 Majin-Bo {vamp, MP+6 Int+6}
     1 | D        | Found the +9 heavy crossbow "Sniper" {vorpal, Acc+∞ SInv}
     1 | D        | Found the +10 dark maul {vorpal}
     1 | D        | Found the +15 Maxwell's patent armour {-Cast -Tele rElec
                  | Will+ rCorr}
     1 | D        | Found the +18 shield of the Gong {rElec rN+ Will+ EV-5}
     1 | D        | Found the +14 obsidian axe {vorpal, Mesm Drain Fly SInv}
     1 | D        | Found the +7 great mace "Firestarter" {inner flame, rF++}
     1 | D        | Found the +6 shillelagh "Devastator" {shatter}
     1 | D        | Found the +11 plutonium sword {Contam Stlth-}
     1 | D        | Found the +8 lance "Wyrmbane" {slay drac, rPois rF+ rC+
                  | AC+3}
     1 | D        | Found the +9 sword of Zonguldrok {reap}
     1 | D        | Found the +13 scythe of Curses {drain, Drain}
     1 | D        | Found the +5 sword of Power {vorpal}
     1 | D        | Found the +7 mace of Variability {chain chaos}
     1 | D        | Found the +7 Singing Sword {vorpal, sonic wave}
     1 | D        | Found the +8 storm bow {elec, penet}
     3 | D        | Found a transporter.
     3 | D        | Found an ancient bone altar of Kikubaaqudgha.
     3 | D        | Found a viscous altar of Jiyva.
     3 | D        | Found a corrupted altar of Lugonu.
     3 | D        | Found a hazy altar of Hepliaklqana.
     3 | D        | Found a burning altar of Makhleb.
     3 | D        | Found an opulent altar of Gozag.
    78 | D        | Became a worshipper of the Shining One
    82 | D        | Reached skill level 2 in Invocations
    82 | D        | Reached XP level 2. HP: 25/25 MP: 2/4
   103 | D        | Entered arena 2.
   103 | D        | Reached * piety under the Shining One
   103 | D        | Found a transporter.
   119 | D        | Entered arena 3.
   119 | D        | Reached ** piety under the Shining One
   119 | D        | Noticed a quasit
   119 | D        | Found a transporter.
   120 | D        | Reached *** piety under the Shining One
   122 | D        | Killed a quasit
   123 | D        | Reached skill level 3 in Invocations
   123 | D        | Reached XP level 3. HP: 31/31 MP: 5/5
   131 | D        | Got the ring of the Mantidfly {rF- rCorr Dex+3 Stlth+}
   137 | D        | Entered arena 4.
   137 | D        | Noticed a spriggan
   137 | D        | Reached **** piety under the Shining One
   137 | D        | Noticed a spriggan
   137 | D        | Noticed a spriggan
   137 | D        | Noticed a spriggan
   137 | D        | Found a transporter.
   146 | D        | Killed a spriggan
   147 | D        | Reached skill level 5 in Fighting
   147 | D        | Reached skill level 5 in Armour
   147 | D        | Reached skill level 5 in Shields
   147 | D        | Reached skill level 4 in Invocations
   147 | D        | Reached XP level 4. HP: 39/39 MP: 5/7
   147 | D        | Reached XP level 5. HP: 44/44 MP: 5/8
   147 | D        | Reached XP level 6. HP: 51/51 MP: 5/9
   154 | D        | Killed a spriggan
   155 | D        | Reached skill level 5 in Polearms
   155 | D        | Reached skill level 5 in Dodging
   155 | D        | Reached skill level 5 in Invocations
   155 | D        | Reached skill level 5 in Evocations
   162 | D        | Killed a spriggan
   163 | D        | Reached skill level 6 in Invocations
   163 | D        | Reached XP level 7. HP: 38/59 MP: 7/11
   167 | D        | Killed a spriggan
   278 | D        | Entered arena 5.
   278 | D        | Noticed a draconian
   278 | D        | Noticed a draconian
   278 | D        | Noticed a draconian
   278 | D        | Reached ***** piety under the Shining One
   278 | D        | Noticed a draconian
   278 | D        | Found a transporter.
   291 | D        | Killed a draconian
   292 | D        | Reached skill level 7 in Invocations
   292 | D        | Reached XP level 8. HP: 57/67 MP: 11/13
   301 | D        | Killed a draconian
   315 | D        | Killed a draconian
   316 | D        | Reached skill level 8 in Invocations
   316 | D        | Reached XP level 9. HP: 18/74 MP: 13/15
   324 | D        | Killed a draconian
   684 | D        | Entered arena 6.
   684 | D        | Found a transporter.
   708 | D        | Reached skill level 9 in Invocations
   715 | D        | Got the Handbook of Flying Conjuration
   819 | D        | Entered arena 7.
   819 | D        | Noticed a deep elf zephyrmancer
   819 | D        | Noticed a deep elf pyromancer
   819 | D        | Noticed a deep elf knight
   820 | D        | Found a transporter.
   820 | D        | Paralysed by an air elemental for 1 turns
   821 | D        | Killed a deep elf zephyrmancer
   822 | D        | Reached XP level 10. HP: 83/83 MP: 15/17
   824 | D        | Killed a deep elf pyromancer
   828 | D        | Killed a deep elf knight
   928 | D        | Entered arena 8.
   929 | D        | Found a transporter.
   939 | D        | Reached skill level 10 in Invocations
   947 | D        | Got the ring "Jext" {Fire *Slow rCorr Int+2 Stlth+}
   949 | D        | Got the Compendium of Wyrd
   951 | D        | Got the Grimoire of Poisoning and Air
   953 | D        | Entered arena 9.
   953 | D        | Reached ****** piety under the Shining One
   954 | D        | Found a transporter.
   965 | D        | Got the ring "Ecsef" {rPois rC+ MP+9 Str-3 Int+3}
   971 | D        | Entered arena 10.
   971 | D        | Noticed a rakshasa
   972 | D        | Found a transporter.
   983 | D        | Killed a rakshasa
   984 | D        | Reached skill level 10 in Fighting
   984 | D        | Reached skill level 10 in Armour
   984 | D        | Reached skill level 10 in Shields
  1030 | D        | Entered arena 11.
  1030 | D        | Noticed a deep elf knight
  1030 | D        | Noticed a deep elf archer
  1030 | D        | Noticed a deep elf zephyrmancer
  1030 | D        | Noticed a +1 dire flail of pain
  1030 | D        | Noticed an orc sorcerer
  1030 | D        | Noticed a deep elf knight
  1030 | D        | Noticed a +0 flail of protection
  1031 | D        | Found a transporter.
  1032 | D        | Killed a deep elf knight
  1032 | D        | Killed a deep elf zephyrmancer
  1033 | D        | Reached skill level 10 in Polearms
  1033 | D        | Reached skill level 10 in Dodging
  1033 | D        | Reached skill level 10 in Evocations
  1033 | D        | Reached XP level 11. HP: 92/92 MP: 19/19
  1033 | D        | Killed a deep elf archer
  1033 | D        | Killed a deep elf knight
  1033 | D        | Killed an orc sorcerer
  1033 | D        | Killed a +1 dire flail of pain
  1033 | D        | Killed a +0 flail of protection
  1034 | D        | Reached skill level 11 in Invocations
  1056 | D        | Got the ring of Pyromania {rC+ MP+9 Slay+3}
  1058 | D        | Got the ring of Ylepluamp {MP+9 Int+6 Dex+7}
  1076 | D        | Entered arena 12.
  1076 | D        | Noticed a two-headed ogre
  1076 | D        | Noticed a cyclops
  1076 | D        | Noticed a stone giant
  1076 | D        | Noticed a cyclops
  1077 | D        | Noticed a stone giant
  1077 | D        | Found the +8 orange crystal plate armour {Archmagi, Int+3
                  | Clar}
  1078 | D        | Found a transporter.
  1079 | D        | Killed a cyclops
  1079 | D        | Killed a two-headed ogre
  1080 | D        | Reached skill level 12 in Invocations
  1080 | D        | Killed a cyclops
  1081 | D        | Reached XP level 12. HP: 74/100 MP: 21/21
  1085 | D        | Killed a stone giant
  1095 | D        | Killed a stone giant
  1318 | D        | Entered arena 13.
  1318 | D        | Noticed a spriggan berserker
  1318 | D        | Noticed a boulder beetle
  1318 | D        | Noticed a spriggan air mage
  1319 | D        | Noticed a death yak
  1319 | D        | Noticed a four-headed hydra
  1320 | D        | Found a transporter.
  1321 | D        | Killed a four-headed hydra
  1321 | D        | Killed a spriggan air mage
  1322 | D        | Killed a spriggan berserker
  1323 | D        | Reached skill level 13 in Invocations
  1332 | D        | Killed a boulder beetle
  1342 | D        | Got the ring of Hury {Drain Fly rF+ rC++ Int-4 Dex+3}
  1344 | D        | Got the ring of Fatigue {rF+ Str+6 Int+5}
  1420 | D        | Entered arena 14.
  1421 | D        | Noticed an apis
  1421 | D        | Noticed a pearl dragon
  1421 | D        | Noticed an angel
  1421 | D        | Noticed a cherub
  1421 | D        | Noticed an ophan
  1421 | D        | Noticed an apis
  1427 | D        | Noticed a pearl dragon
  1427 | D        | Found the +8 whip "Snakebite" {venom, curare, rPois}
  1427 | D        | Found the +8 Vampire's Tooth {vamp}
  1448 | D        | Killed a pearl dragon
  1450 | D        | Killed an apis
  1451 | D        | Reached XP level 13. HP: 9/109 MP: 14/23
  1454 | D        | Killed an angel
  1458 | D        | Killed an ophan
  1465 | D        | HP: 2/111 [apis (14)]
  1466 | D        | Killed a pearl dragon
  1467 | D        | Reached skill level 14 in Invocations
  1478 | D        | Killed an apis
  1482 | D        | Found a transporter.
  1738 | D        | Entered arena 15.
  1739 | D        | Noticed a naga warrior
  1740 | D        | Noticed a nagaraja
  1740 | D        | Noticed an anaconda
  1741 | D        | Found a transporter.
  1743 | D        | Killed a naga warrior
  1743 | D        | Killed an anaconda
  1754 | D        | Killed a nagaraja
  1761 | D        | Got the Tome of Earth
  1764 | D        | Got the amulet "Tueh" {Acrobat MP+9 Int+8 Stlth-}
  1772 | D        | Got the amulet of Suspicion {Regen+ Dex+3 Slay+2}
  1774 | D        | Got the Collected Works on Feathers and Arcane Weapons
  1906 | D        | Entered arena 16.
  1908 | D        | Noticed a nagaraja
  1909 | D        | Found a transporter.
  1918 | D        | Reached skill level 15 in Invocations
  1934 | D        | Killed a nagaraja
  2148 | D        | Entered arena 17.
  2151 | D        | Noticed a merfolk javelineer
  2151 | D        | Noticed a merfolk impaler
  2152 | D        | Noticed a merfolk javelineer
  2152 | D        | Identified the ring "Jayfoah" {Ice rN+ Str+2}
  2152 | D        | Noticed a merfolk javelineer
  2153 | D        | Found a transporter.
  2157 | D        | Killed a merfolk javelineer
  2157 | D        | Killed a merfolk javelineer
  2158 | D        | Reached XP level 14. HP: 102/121 MP: 25/25
  2290 | D        | Entered arena 18.
  2293 | D        | Noticed an iron dragon
  2293 | D        | Noticed a quicksilver dragon
  2293 | D        | Noticed a quicksilver dragon
  2293 | D        | Noticed an iron golem
  2293 | D        | Noticed a quicksilver dragon
  2293 | D        | Noticed an iron golem
  2294 | D        | Noticed a quicksilver dragon
  2306 | D        | Killed a quicksilver dragon
  2309 | D        | Killed a quicksilver dragon
  2310 | D        | Reached skill level 15 in Shields
  2310 | D        | Reached skill level 16 in Invocations
  2310 | D        | HP: 1/121 [quicksilver dragon/bolt of dispelling energy
                  | (37)]
  2310 | D        | Killed from afar by a crystal guardian

Illustrated notes

Levels and vault maps discovered:
D:        sprint_v [room_start, room_1, room_2, room_3, room_4, room_5, room_6,
          room_7, room_8, room_9, room_10, room_11, room_12, room_13, room_14,
          room_15, room_16, room_17, room_18, room_19, room_20, room_21,
          room_22, room_23, room_24, room_25, room_26, room_27]

Skill      XL: |  1  2  3  4  5  6  7  8  9 10 11 12 13 14 |
---------------+-------------------------------------------+-----
Fighting       | 4 5 6 7 8 9 10 11 12 14 | 14.9
Polearms       | 3 4 6 7 8 10 11 12 14 | 14.8
Armour         | 4 5 6 7 8 9 10 11 12 14 | 14.8
Dodging        | 2 3 4 5 6 7 8 10 11 12 14 | 14.6
Shields        | 4 5 6 7 8 9 10 11 12 14 15 | 15.0
Invocations    | 2 3 4 6 7 8 9 10 12 13 15 16 | 16.0
Evocations     | 2 3 4 5 6 7 8 10 11 12 14 | 14.6

Action                   |  1- 3 |  4- 6 |  7- 9 | 10-12 | 13-15 || total
-------------------------+-------+-------+-------+-------+-------++-------
Melee: Lance             |    13 |    16 |    69 |    96 |    77 ||   271
Invok: Cleansing Flame   |       |       |       |     3 |     2 ||     5
       Summon Divine War |       |       |       |     2 |     3 ||     5
       Divine Shield     |       |       |       |     1 |     2 ||     3
Evoke: Tin of tremorston |       |       |     1 |     9 |     5 ||    15
       Wand              |       |       |       |     2 |     2 ||     4
       Box of beasts     |       |       |       |     1 |     1 ||     2
  Use: Potion            |     1 |       |       |       |     8 ||     9
Armor: Plate armour      |     7 |     4 |    21 |    34 |    43 ||   109
Dodge: Dodged            |       |     2 |     5 |     5 |    13 ||    25
Block: Kite shield       |    17 |    28 |   102 |   123 |   141 ||   411
